 Dungeon Crawl Stone Soup version 0.20-a0-1086-g4bd2f5b (webtiles) character file.

4494 Duffy the Thaumaturge (level 10, -1/56 HPs)
             Began as a Deep Elf Earth Elementalist on May 1, 2017.
             Was a Follower of Vehumet.
             Slain by a killer bee (4 damage)
             ... while paralysed by a hornet
             ... on level 9 of the Dungeon.
             The game lasted 00:11:19 (10267 turns).

Duffy the Thaumaturge (DEEE)                       Turns: 10267, Time: 00:11:19

Health: -1/56      AC:  6    Str:  5    XL:     10   Next: 16%
Magic:  10/35      EV:  2    Int: 24    God:    Vehumet [*.....]
Gold:   513        SH:  0    Dex: 15    Spells: 16/29 levels left

rFire    . . .     SeeInvis .   v - +1 hand axe "Giant's Toothpick" {drain, +Blink rC+ MP+9}
rCold    + . .     Gourm    .   (no shield)
rNeg     + . .     Faith    .   c - +0 robe
rPois    .         Spirit   .   I - +0 helmet
rElec    .         Reflect  .   (no cloak)
rCorr    .         Harm     .   i - +0 pair of gloves
MR       +....                  (no boots)
Stlth    ++........             (no amulet)
Regen    0.2/turn               D - +2 ring of protection
MPRegen  0.3/turn               J - ring of positive energy

@: paralysed, lethally poisoned (-1 -> -17), slowed
A: no striking features
a: Renounce Religion, Evoke Blink


You were on level 9 of the Dungeon.
You worshipped Vehumet.
Vehumet was aware of your devotion.
You were hungry.

You visited 2 branches of the dungeon, and saw 10 of its levels.

You collected 513 gold pieces.

Inventory:

Hand Weapons
 v - the +1 hand axe "Giant's Toothpick" (weapon) {drain, +Blink rC+ MP+9}
   (You found it on level 6 of the Dungeon)

   A truly terrible weapon, it drains the life of those it strikes.
   It protects you from cold.
   It affects your magic capacity (+9).
   It lets you blink.
Missiles
 b - 197 stones (quivered)
Armour
 c - a +0 robe (worn)
 i - a +0 pair of gloves (worn)
 I - a +0 helmet (worn)
Jewellery
 D - a +2 ring of protection (left hand)
 J - a ring of positive energy (right hand)
Wands
 y - a wand of lightning (9/15)
 C - a wand of random effects (31/48)
 G - a wand of enslavement (16/24)
 H - a wand of disintegration (12/24)
Scrolls
 j - 6 scrolls of identify {unknown}
 m - 2 scrolls of recharging {unknown}
 n - 4 scrolls of immolation {unknown}
 o - a scroll of blinking {unknown}
 r - a scroll of enchant weapon {unknown}
 s - 2 scrolls of remove curse {unknown}
 t - a scroll of fog {unknown}
 u - 4 scrolls of amnesia {unknown}
 A - a scroll of random uselessness {unknown}
 B - a scroll of fear {unknown}
 E - a scroll of torment {unknown}
Potions
 a - 3 potions of mutation {unknown}
 f - 5 potions of might {unknown}
 g - 2 potions of invisibility {unknown}
 h - 2 potions of flight {unknown}
 k - 5 potions of curing {unknown}
 l - 5 potions of haste {unknown}
 w - 2 potions of ambrosia {unknown}
 z - 2 potions of heal wounds {unknown}
Books
 e - a book of Geomancy

   Spells                             Type                      Level
   a - Sandblast                      Earth                        1
   b - Passwall                       Transmutation/Earth          2
   c - Stone Arrow                    Conjuration/Earth            3
   d - Petrify                        Transmutation/Earth          4
   e - Lee's Rapid Deconstruction     Earth                        5
Comestibles
 d - 7 bread rations
 p - 4 royal jellies
 q - 4 meat rations
 x - 3 fruits
 F - 5 chunks of flesh


   Skills:
 + Level 3.9 Fighting
 - Level 2.4 Dodging
 - Level 2.4 Stealth
 - Level 10.0 Spellcasting
 + Level 9.1 Conjurations
 - Level 1.1 Transmutations
 + Level 9.8 Earth Magic


You had 16 spell levels left.
You knew the following spells:

 Your Spells              Type           Power        Failure   Level  Hunger
a - Sandblast             Erth           ######       1%          1    None
h - Stone Arrow           Conj/Erth      ######       1%          3    None
l - Lee's Rapid Deconstr  Erth           ######....   2%          5    ####...
p - Petrify               Tmut/Erth      #####...     5%          4    #......


Dungeon Overview and Level Annotations

Branches:
Dungeon (9/15)             Temple (1/1) D:7
   Lair: D:8-11         Orc: D:9-12

Altars:
Ashenzari
Cheibriados
Dithmenos
Elyvilon
Fedhas
Gozag
Hepliaklqana
Kikubaaqudgha
Makhleb
Nemelex Xobeh
Okawaru
Qazlal
Ru
Sif Muna
Trog
Uskayaw
Vehumet
Wu Jian
Xom
Yredelemnul
Zin
The Shining One

Annotations:
D:5 exclusion: upstairs


Message History

Casting: Lee's Rapid Deconstruction
Confirm with . or Enter, or press ? or * to list all spells.
Aiming: Sandblast
Press: ? - help, Shift-Dir - straight line, f - hornet
Aim: a hornet (severely wounded)
The blast of sand hits the hornet.
The hornet is almost dead.
b - 197 stones The hornet stings you!
You suddenly lose the ability to move!
The killer bee barely misses you. The hornet stings you!
You are poisoned.
You feel yourself slow down.
You feel sick.
The killer bee stings you but does no damage.
The hornet stings you!
You are lethally poisoned!
You feel as though you will be slow longer.
The killer bee stings you.
You feel sick. The killer bee stings you. x2
You die...

#..............[...
#..################
#..# #..# #..# #..#
#..########
#..........
#y@........
#yy######## #.%.
#..## #... #...
#... #....


You could see a hornet and 2 killer bees.

Vanquished Creatures
  A two-headed ogre (D:9)
  A hippogriff (D:9)
  An acid dragon (D:7)
  A water moccasin (D:6)
  3 phantoms
  3 sky beasts
  7 ice beasts
  A black bear (D:6)
  2 centaurs
  4 ogres
  A crocodile (D:7)
  2 bullfrogs
  A scorpion (D:9)
  5 killer bees (D:9)
  3 wights (D:7)
  2 howler monkeys
  2 hounds
  A jelly (D:8)
  10 orc priests
  A bullfrog skeleton (D:5)
  6 orc wizards
  A centaur skeleton (D:8)
  An iguana (D:4)
  3 worker ants
  A hound zombie (D:7)
  2 hound skeletons
  7 adders
  10 gnolls
  2 shadow imps
  An adder zombie (D:7)
  An adder skeleton (D:8)
  4 worms
  A dart slug (D:5)
  3 leopard geckos
  32 orcs
  A ball python (D:3)
  4 giant cockroaches
  5 goblins
  5 hobgoblins
  3 quokkas
  11 bats
  4 frilled lizards
  A jackal zombie (D:6)
  2 kobolds
  7 rats
170 creatures vanquished.

Notes
Turn   | Place    | Note
-------+----------+-------------------------------------------
     0 | D:1      | Duffy the Deep Elf Earth Elementalist began the quest for the Orb.
     0 | D:1      | Reached XP level 1. HP: 10/10 MP: 6/6
   330 | D:2      | Reached XP level 2. HP: 15/15 MP: 6/8
   341 | D:2      | Reached skill level 4 in Spellcasting
   651 | D:1      | Reached XP level 3. HP: 19/19 MP: 7/10
   656 | D:1      | Learned a level 3 spell: Stone Arrow
  1653 | D:3      | Reached skill level 1 in Conjurations
  1657 | D:3      | Reached XP level 4. HP: 24/24 MP: 6/12
  1782 | D:3      | Reached skill level 5 in Spellcasting
  1790 | D:3      | Found an ornate altar of the Wu Jian Council.
  1795 | D:3      | Found a deep blue altar of Sif Muna.
  1800 | D:3      | Found a hide-covered altar of Uskayaw.
  1805 | D:3      | Found an iron altar of Okawaru.
  1814 | D:3      | Found a shattered altar of Ashenzari.
  1819 | D:3      | Found a bloodstained altar of Trog.
  1824 | D:3      | Found a burning altar of Makhleb.
  2067 | D:3      | Found an opulent altar of Gozag.
  2422 | D:3      | Noticed an ice beast
  2428 | D:3      | Killed an ice beast
  2428 | D:3      | Reached XP level 5. HP: 28/28 MP: 4/15
  2523 | D:3      | Learned a level 5 spell: Lee's Rapid Deconstruction
  2528 | D:3      | Learned a level 4 spell: Petrify
  2983 | D:4      | Found a stormy altar of Qazlal.
  3070 | D:4      | Noticed an ogre
  3082 | D:4      | Killed an ogre
  3082 | D:4      | Reached skill level 6 in Spellcasting
  3082 | D:4      | Reached skill level 5 in Earth Magic
  3082 | D:4      | Reached XP level 6. HP: 4/32 MP: 1/17
  3524 | D:4      | Found a white marble altar of Elyvilon.
  3849 | D:4      | Reached XP level 7. HP: 36/36 MP: 5/19
  4042 | D:4      | Reached skill level 7 in Spellcasting
  4306 | D:5      | Entered Level 5 of the Dungeon
  5516 | D:5      | Reached skill level 5 in Conjurations
  5618 | D:5      | Reached skill level 8 in Spellcasting
  5618 | D:5      | Reached XP level 8. HP: 21/41 MP: 8/22
  6189 | D:5      | Found a snail-covered altar of Cheibriados.
  6758 | D:6      | Got a crystal hand axe
  6759 | D:6      | Identified the +1 hand axe "Giant's Toothpick" {drain, +Blink rC+ MP+9} (You found it on level 6 of the Dungeon)
  6897 | D:6      | Reached skill level 9 in Spellcasting
  7020 | D:6      | Found an opulent altar of Gozag.
  7021 | D:6      | Found an ancient bone altar of Kikubaaqudgha.
  7267 | D:7      | Found a staircase to the Ecumenical Temple.
  7280 | Temple   | Entered the Ecumenical Temple
  7399 | Temple   | Became a worshipper of Vehumet
  8026 | D:7      | Reached XP level 9. HP: 45/45 MP: 24/24
  8211 | D:7      | Reached skill level 10 in Spellcasting
  8694 | D:8      | Found a sparkling altar of Nemelex Xobeh.
  8735 | D:8      | Reached skill level 1 in Fighting
  9070 | D:8      | Reached * piety under Vehumet
  9070 | D:8      | Offered knowledge of Magic Dart by Vehumet.
 10148 | D:9      | Noticed a two-headed ogre
 10153 | D:9      | Killed a two-headed ogre
 10153 | D:9      | Reached XP level 10. HP: 56/56 MP: 18/26
 10265 | D:9      | Paralysed by a hornet for 3 turns
 10267 | D:9      | Slain by a killer bee

Vault maps used:
D:1:      dpeg_arrival_subterranean_lakeside_camping, st_stairs_1
D:3:      grunt_temple_overflow_octagram, st_stairs_5,
          nicolae_gozag_cash_rules_everything_around_me
D:4:      nicolae_overflow_hidden_temple, elyvilon_altar_3, first_bread
D:5:      cheibriados_altar_1
D:6:      black_bear_nest_2, minitemple
D:7:      minmay_temple_entry_large_hall
D:8:      nemelex_xobeh_ov_fountains_minmay
D:9:      orc_0_dummy, hangedman_little_slice_of_home
Temple:   eino_temple_lava

Skill      XL: |  1  2  3  4  5  6  7  8  9 |
---------------+----------------------------+-----
Spellcasting   | 4 5 6 8 9 10 | 10.0
Earth Magic    | 4 5 6 7 9 |  9.8
Conjurations   | 1 2 3 5 7 9 |  9.1
Fighting       | 3 |  3.9
Dodging        | |  2.4
Stealth        | |  2.4
Transmutations | |  1.1

Action                   |  1- 3 |  4- 6 |  7- 9 | 10-12 || total
-------------------------+-------+-------+-------+-------++-------
 Cast: Sandblast         |    60 |     9 |     4 |     1 ||    74
       Stone Arrow       |       |    48 |   169 |     1 ||   218
       Lee's Rapid Decon |       |       |     4 |     5 ||     9
  Eat: Chunk             |     2 |     8 |    19 |     1 ||    30
Armor: Robe              |     5 |     2 |     5 |     3 ||    15
Dodge: Dodged            |    13 |    10 |    11 |     2 ||    36
